 Dungeon Crawl Stone Soup version 0.31-a0-1338-gb567cfdca4 (webtiles) character file.

Game seed: 11042211557471312663

190126 Lobster4 the Crack Shot (level 17, -2/216 HPs)
             Began as a Minotaur Hunter on Dec 22, 2023.
             Was the Champion of Hepliaklqana.
             Slain by a molten gargoyle
             ... wielding a +0 mace
             ... summoned by a halazid warlock
              (6 damage)
             ... in the Desolation of Salt.
             The game lasted 01:17:16 (21782 turns).

Lobster4 the Crack Shot (Minotaur Hunter)          Turns: 21782, Time: 01:17:17

Health: -2/216     AC: 32    Str: 19    XL:     17   Next: 97%
Magic:  22/22      EV:  9    Int:  6    God:    Hepliaklqana [******]
Gold:   2967       SH: 15    Dex: 26    Spells: 20/22 levels left

rFire   . . .        h - +7 long sword of the Abyss {heavy, rElec rC- Dex+2 SInv}
rCold   x . .        b - +2 kite shield {reflect}
rNeg    . . .        W - +6 chain mail "Sapus" {Dex+2}
rPois   .            e - +2 hat
rElec   +            x - +2 cloak
rCorr   .            n - +2 pair of gloves
SInv    +            k - +2 pair of boots
Will    +....        Q - amulet "Tazujeyn" {rElec Regen+ Dex+3} Stlth
                     f - ring of flight
HPRegen 1.36/turn    o - ring of wizardry
MPRegen 0.18/turn

%: reflection, wizardry (x1)
@: berserking (expiring), flying, very quick
A: reduced essence, horns 2, retaliatory headbutt
a: Renounce Religion, Recall Ancestor, Ancestor Identity, Transference, Idealise


You were in the Desolation of Salt.
You worshipped Hepliaklqana.
Hepliaklqana was exalted by your worship.
You visited 4 branches of the dungeon, and saw 23 of its levels.
You also visited: Bailey and Desolation.

You collected 3199 gold pieces.
You spent 232 gold pieces at shops.

Inventory:

Hand Weapons
 a - the +10 sling "Sadwoh" {drain, rElec rPois}
   (You found it on level 3 of the Dungeon)

   rElec:     It insulates you from electricity.
   rPois:     It protects you from poison
 g - the +6 spear "Ehismaud" {holy, rElec}
   (You found it on level 8 of the Dungeon)

   rElec:     It insulates you from electricity.
 h - the +7 long sword of the Abyss (weapon) {heavy, rElec rC- Dex+2 SInv}
   (You found it on level 4 of the Lair of Beasts)

   Dex+2:     It affects your dexterity (+2).
   rC-:       It makes you vulnerable to cold.
   rElec:     It insulates you from electricity.
   SInv:      It lets you see invisible.
Missiles
 d - 3 curare-tipped darts
 z - 10 throwing nets
Armour
 b - a +2 kite shield of reflection (worn)
 e - a +2 hat (worn)
 k - a +2 pair of boots (worn)
 n - a +2 pair of gloves (worn)
 x - a +2 cloak (worn)
 B - a +1 leather armour of cold resistance
 W - the +6 chain mail "Sapus" (worn) {Dex+2}
   (You found it on level 7 of the Dungeon)

   Dex+2:     It affects your dexterity (+2).
 Z - +0 acid dragon scales
Jewellery
 c - a ring of fire
 f - a ring of flight (left hand)
 o - a ring of wizardry (right hand)
 I - a ring of willpower
 L - an amulet of reflection
 Q - the amulet "Tazujeyn" (around neck) {rElec Regen+ Dex+3}
   (You found it on level 7 of the Dungeon)

   [amulet of regeneration]

   Dex+3:     It affects your dexterity (+3).
   rElec:     It insulates you from electricity.
   Regen+:    It increases your rate of health regeneration.
Wands
 y - a wand of mindburst (30)
 R - a wand of iceblast (8)
 S - a wand of digging (3)
 V - a wand of paralysis (31)
Scrolls
 j - 2 scrolls of revelation
 p - 12 scrolls of teleportation
 w - 3 scrolls of enchant armour
 D - a scroll of butterflies
 E - 4 scrolls of immolation
 H - 5 scrolls of fog
 K - a scroll of silence {unknown}
 M - a scroll of fear
 T - 2 scrolls of enchant weapon
Potions
 i - 5 potions of curing
 m - a potion of enlightenment
 t - 3 potions of mutation
 u - 2 potions of might
 v - 2 potions of attraction
 F - a potion of cancellation
 G - a potion of invisibility
 J - 2 potions of brilliance
 N - a potion of heal wounds
 O - 3 potions of magic
 P - a potion of resistance
 U - 2 potions of lignification
Miscellaneous
 r - a phial of floods (inert)


   Skills:
 + Level 17.0 Fighting
 - Level 3.0 Long Blades
 - Level 3.0 Polearms
 * Level 21.6 Ranged Weapons
 - Level 1.0 Throwing
 + Level 15.3 Armour
 - Level 3.0 Dodging
 - Level 1.0 Stealth
 + Level 7.3 Shields
 - Level 3.0 Spellcasting
 - Level 3.0 Earth Magic
 - Level 2.0 Alchemy
 + Level 8.2 Invocations
 - Level 3.0 Evocations


You had 20 spell levels left.
You knew the following spells:

 Your Spells              Type           Power      Damage    Failure   Level
a - Passwall              Alch/Erth      2%         N/A       58%         2

Your spell library contained the following spells:

 Spells                   Type           Power      Damage    Failure   Level
 Apportation              Tloc           0%         N/A       78%         1
 Foxfire                  Conj/Fire      0%         2x1d4     78%         1
 Ensorcelled Hibernation  Hex/Ice        0%         N/A       89%         2
 Jinxbite                 Hex            0%         N/A       89%         2
 Static Discharge         Conj/Air       0%         3-3/arc   89%         2
 Mephitic Cloud           Conj/Alch/Air  1%         N/A       96%         3
 Dazzling Flash           Conj/Hex       0%         N/A       98%         3
 Frozen Ramparts          Ice            0%         1d1       98%         3
 Inner Flame              Hex/Fire       0%         N/A       98%         3
 Swiftness                Air            0%         N/A       98%         3
 Volatile Blastmotes      Fire/Tloc      0%         2d10      98%         3
 Animate Armour           Summ/Erth      4%         N/A       99%         4
 Leda's Liquefaction      Alch/Erth      1%         N/A       99%         4
 Petrify                  Alch/Erth      3%         N/A       99%         4
 Airstrike                Air            0%         2d(0-16)  100%        4
 Flame Wave               Conj/Fire      0%         2d4       100%        4
 Fulminant Prism          Conj/Alch      1%         3d5       100%        4
 Ignite Poison            Fire/Alch      2%         N/A       100%        4
 Iskenderun's Mystic Bla  Conj/Tloc      0%         2d3       100%        4
 Passage of Golubria      Tloc           0%         N/A       100%        4
 Sticky Flame             Fire/Alch      2%         2d4       100%        4
 Summon Lightning Spire   Summ/Air       0%         N/A       100%        4
 Agony                    Necr           0%         N/A       100%        5
 Alistair's Intoxication  Alch           2%         N/A       100%        5
 Iskenderun's Battlesphe  Conj           0%         2d6       100%        5
 Lee's Rapid Deconstruct  Erth           2%         3d4*      100%        5
 Metabolic Englaciation   Hex/Ice        0%         N/A       100%        5
 Silence                  Hex/Air        0%         N/A       100%        5
 Summon Forest            Summ/Tloc      0%         N/A       100%        5
 Summon Mana Viper        Hex/Summ       0%         N/A       100%        5
 Yara's Violent Unravell  Hex/Alch       1%         3d3       100%        5
 Bombard                  Conj/Erth      1%         9d1       100%        6
 Plasma Beam              Fire/Air       0%         2x1d10    100%        6
 Starburst                Conj/Fire      0%         6d3       100%        6
 Summon Cactus Giant      Summ           0%         N/A       100%        6
 Enfeeble                 Hex            0%         N/A       100%        7
 Spellforged Servitor     Conj/Summ      0%         N/A       100%        7
 Ignition                 Fire           0%         3d3       100%        8
 Lehudib's Crystal Spear  Conj/Erth      1%         10d2      100%        8


Dungeon Overview and Level Annotations

Branches:
Dungeon (15/15)            Temple (0/1) D:7            Lair (5/5) D:11
  Swamp (0/4) Lair:2       Spider (0/4) Lair:2        Slime (0/5) Lair:5
    Orc (2/2) D:12            Elf (1/3) Orc:2        Vaults (0/5) D:14
 Depths (0/4) D:15         Bailey (visited)         Desolation (1/1)

Altars:
Elyvilon
Hepliaklqana
Nemelex Xobeh
Qazlal
Ru
Vehumet
Xom

Shops:
Orc:2 ([=(

Portals:
Abyss: Lair:3
Trove: D:15 (give 2 scrolls of acquirement)

Annotations:
D:15 4 transporters
Lair:3 2 transporters, MrSquiggles's ghost, journeyman FoSh
Lair:5 1 runed translucent door


Innate Abilities, Weirdness & Mutations

Your life essence is reduced to manifest your ancestor. (-10% HP)
You have a pair of horns on your head.
You reflexively headbutt those who attack you in melee.


Message History

The peacekeeper bites you! You block the peacekeeper's attack.
You block the saltling's attack. x2; The saltling hits you!
* * * LOW HITPOINT WARNING * * *
The halazid warlock touches you but does no damage.
The crystal guardian completely misses you.
The molten gargoyle hits you with a +0 mace!
* * * LOW HITPOINT WARNING * * *
You are engulfed in flames!
* * * LOW HITPOINT WARNING * * *
The peacekeeper closely misses you.
The peacekeeper claws you but does no damage.
The saltling hits you but does no damage.
You slice the halazid warlock!!
The halazid warlock is almost destroyed.
The air resumes its normal movements.
The saltling hits you.
* * * LOW HITPOINT WARNING * * *
You block the saltling's attack. x2; The peacekeeper bites you!
* * * LOW HITPOINT WARNING * * *
You block the peacekeeper's attack. The halazid warlock closely misses you.
The saltling hits you but does no damage.
The crystal guardian hits you!!
* * * LOW HITPOINT WARNING * * *
The molten gargoyle barely misses you.
The saltling hits you but does no damage.
The saltling barely misses you.
The saltling hits you but does no damage.
The peacekeeper roars a battlecry!
The peacekeeper goes into a battle-frenzy!
The halazid warlock touches you but does no damage.
You closely miss the halazid warlock.
Your headbutt misses the halazid warlock.
The halazid warlock is almost destroyed.
You block the saltling's attack.
The peacekeeper bites you but does no damage.
You block the peacekeeper's attack. You block the saltling's attack.
The saltling hits you but does no damage.
The crystal guardian hits you but does no damage.
The saltling hits you but does no damage.
The molten gargoyle hits you with a +0 mace.
You die...

,#########################,,,,,,,
##########################,,,,,,,
##########################,,,,,,,
##########################,,,,,,,
##########################,,,,,,,
##########################,,,,,,,
##########################,,,,,,,
...............999........,,,,,,,
..............99@99.......,,,,,,,
...............9L9........*,,,,,,
...............99.........,,,,,,,
......)#.).§§......).)....,,,,,,,
.........§§§..............,,,,,,,
.#........§§.........a....,,,,,,,
..........§§..............,,,,,,,
..........§§.....#........,,,,,,,
................#***,,,,,,,,,,,,,


You could see a servant of whispers, a halazid warlock, a crystal guardian
(summoned, strong), 2 peacekeepers, a molten gargoyle (summoned, strong) and 7
saltlings.

Vanquished Creatures
  2 imperial myrmidons (Desolation)
  2 orc warlords
  A dire elephant (D:15)
  Snorg (Lair:5)
  A ragged hierophant (Desolation)
  A peacekeeper (Desolation)
  2 hydras
  A catoblepas (Lair:4)
  4 vault guards (D:14)
  An ogre mage (D:15)
  4 death yaks (Lair:5)
  A boulder beetle (D:12)
  13 two-headed ogres
  4 centaur warriors
  3 orc high priests
  4 tengu warriors
  A deep elf knight (Elf:1)
  Lodul (D:10)
  2 deep trolls (Orc:2)
  2 deep elf archers (Elf:1)
  An arcanist (D:14)
  Pikel (D:4)
  6 deep elf zephyrmancers (Elf:1)
  An orc knight (D:15)
  6 deep elf pyromancers
  3 ironbound convokers (Desolation)
  A salamander (D:15)
  4 orc sorcerers
  A wolf spider (D:15)
  4 elephants
  3 ugly things
  7 cyclopes
  7 slime creatures
  A black mamba (shapeshifter) (D:15)
  A black mamba (Lair:1)
  2 guardian serpents (Desolation)
  2 kobold blastminers (Orc:2)
  14 cane toads
  Jeremiah (D:6)
  3 unseen horrors
  A molten gargoyle (Desolation)
  A freezing wraith (D:13)
  A yaktaur (D:13)
  4 komodo dragons
  A kobold demonologist (D:11)
  15 trolls
  2 tengu conjurers (D:14)
  2 tyrant leeches (Lair:5)
  6 polar bears
  A hornet (Lair:2)
  Prince Ribbit (D:5)
  Grinder (D:5)
  8 blink frogs
  4 saltlings (Desolation)
  An air elemental (Elf:1)
  4 shadows
  3 wyverns
  A culicivora (Lair:2)
  Eustachio (D:6)
  3 wraiths
  40 yaks
  5 humans (D:14)
  2 steam dragons
  2 wargs (Orc:1)
  13 basilisks
  Grum (Bailey)
  2 redbacks (Lair:2)
  10 vampire mosquitoes
  2 acid dragons (D:11)
  11 water moccasins
  3 black bears
  An ice beast (D:8)
  23 orc warriors
  A knight (D:14)
  30 ogres
  10 wolves
  4 lemures (D:3)
  12 centaurs
  A phantom (D:6)
  Blork the orc (D:5)
  4 kobold brigands
  12 bullfrogs
  2 scorpions
  5 gnoll sergeants (Bailey)
  4 wights (D:8)
  9 killer bees
  An electric eel (Lair:5)
  4 hounds
  7 gnoll boudas
  11 orc priests
  5 sleepcaps
  An iguana (D:5)
  16 orc wizards
  3 hell rats (Lair:4)
  27 gnolls
  4 adders
  3 shadow imps
  A bombardier beetle (D:5)
  3 white imps
  2 ufetubi (D:7)
  4 worms (D:2)
  73 orcs
  5 endoplasms
  6 giant cockroaches
  2 goblins
  5 hobgoblins
  8 jackals
  5 quokkas
  7 ball pythons
  3 bats
  4 frilled lizards
  26 kobolds
  4 rats
631 creatures vanquished.

Vanquished Creatures (collateral kills)
  4 hydras
  A vault guard (D:14)
  3 boulder beetles
  An ogre mage (Orc:2)
  A centaur warrior (D:15)
  A catoblepas (Lair:2)
  4 two-headed ogres
  A skyshark (Lair:5)
  A goliath frog (Lair:5)
  3 ugly things
  A wolf spider (Lair:2)
  2 orc sorcerers (Elf:1)
  7 elephants
  2 black mambas
  A molten gargoyle (Desolation)
  4 cane toads
  A gargoyle (D:12)
  An efreet (D:13)
  An unseen horror (D:10)
  2 komodo dragons
  4 polar bears
  3 trolls
  A tyrant leech (Lair:5)
  10 saltlings (Desolation)
  A raiju (shapeshifter) (D:15)
  5 blink frogs
  3 slime creatures
  A centaur simulacrum (D:13)
  2 vampires (D:13)
  A water elemental (Elf:1)
  2 wyverns
  A basilisk (D:13)
  5 yaks
  A warg (Orc:1)
  A human (D:14)
  3 vampire mosquitoes (Lair:5)
  An acid dragon (D:14)
  A black bear (Lair:1)
  2 orc warriors
  2 ogres
  2 wolves
  A centaur (D:14)
  A kobold brigand (D:9)
  4 bullfrogs
  2 gnoll sergeants (Bailey)
  A wight (D:8)
  2 killer bees (D:11)
  A howler monkey (D:10)
  An orc priest (Orc:2)
  A hound (Bailey)
  4 orc wizards
  3 hell rats (Lair:4)
  2 gnolls
  4 orcs
  A butterfly (Lair:4)
122 creatures vanquished.

Vanquished Creatures (others)
  An ogre mage (Orc:2)
  A deep elf knight (Elf:1)
  A human (D:14)
  2 ancestors
  21 knights
  An orc (D:7)
27 creatures vanquished.

Grand Total: 780 creatures vanquished

Notes
Turn   | Place    | Note
-------+----------+-------------------------------------------
     0 | D:1      | Lobster4 the Minotaur Hunter began the quest for the Orb.
     0 | D:1      | Reached XP level 1. HP: 18/18 MP: 0/0
    97 | D:1      | Reached skill level 1 in Stealth
   121 | D:1      | Reached XP level 2. HP: 25/25 MP: 1/1
   234 | D:1      | Found a faded altar of an unknown god.
   750 | D:2      | Reached skill level 1 in Armour
   832 | D:2      | Reached XP level 3. HP: 24/30 MP: 2/2
  1048 | D:2      | Reached skill level 5 in Ranged Weapons
  1404 | D:3      | Found a white marble altar of Elyvilon.
  1432 | D:3      | Reached XP level 4. HP: 38/38 MP: 3/3
  1517 | D:3      | Identified the +10 sling "Sadwoh" {drain, rElec rPois}
  2123 | D:4      | Noticed Pikel
  2123 | D:4      | Noticed a lemure
  2123 | D:4      | Noticed a lemure
  2123 | D:4      | Noticed a lemure
  2123 | D:4      | Noticed a lemure
  2132 | D:3      | Killed a lemure
  2178 | D:4      | Reached XP level 5. HP: 45/45 MP: 4/4
  2305 | D:4      | Reached skill level 6 in Ranged Weapons
  2529 | D:3      | Killed a lemure
  2537 | D:3      | Killed a lemure
  2550 | D:3      | Killed a lemure
  2681 | D:4      | Killed Pikel
  2682 | D:4      | Reached skill level 5 in Fighting
  2682 | D:4      | Reached skill level 7 in Ranged Weapons
  2682 | D:4      | Reached XP level 6. HP: 56/56 MP: 5/5
  2682 | D:4      | Reached XP level 7. HP: 61/61 MP: 6/6
  2746 | D:4      | Found a hazy altar of Hepliaklqana.
  2834 | D:4      | Reached skill level 8 in Ranged Weapons
  2847 | D:4      | Got the Almanac of the Tropics
  3026 | D:4      | Became a worshipper of Hepliaklqana the Forgotten
  3051 | D:5      | Entered Level 5 of the Dungeon
  3075 | D:5      | Found a transporter.
  3108 | D:5      | Found a transporter.
  3188 | D:5      | Noticed Grinder
  3197 | D:5      | Killed Grinder
  3198 | D:5      | Reached skill level 1 in Invocations
  3198 | D:5      | Reached skill level 1 in Evocations
  3198 | D:5      | Reached XP level 8. HP: 64/70 MP: 6/8
  3244 | D:5      | Noticed Prince Ribbit
  3266 | D:5      | Killed Prince Ribbit
  3313 | D:5      | Noticed Blork the orc
  3320 | D:5      | Killed Blork the orc
  3369 | D:5      | Reached skill level 9 in Ranged Weapons
  3718 | D:6      | Noticed Eustachio
  3730 | D:6      | Killed Eustachio
  3837 | D:6      | Found a sacrificial altar of Ru.
  4042 | D:6      | Noticed Jeremiah
  4076 | D:6      | Killed Jeremiah
  4077 | D:6      | Reached skill level 5 in Armour
  4077 | D:6      | Reached XP level 9. HP: 73/79 MP: 10/10
  4116 | D:6      | Found a shimmering altar of Xom.
  4172 | D:6      | Reached * piety under Hepliaklqana
  4445 | D:7      | Found a stormy altar of Qazlal.
  4521 | D:7      | Reached skill level 10 in Ranged Weapons
  4599 | D:7      | Found a sparkling altar of Nemelex Xobeh.
  4707 | D:7      | Found a staircase to the Ecumenical Temple.
  4836 | D:7      | Identified the amulet "Tazujeyn" {rElec Regen+ Dex+3}
  4885 | D:7      | Noticed a troll
  4890 | D:7      | Killed a troll
  5422 | D:7      | Identified the +6 chain mail "Sapus" {Dex+2}
  5691 | D:8      | Killed an unseen horror
  5698 | D:8      | Reached ** piety under Hepliaklqana
  5700 | D:8      | Remembered your ancestor Nindada as a knight
  5737 | D:8      | Found a flagged portal.
  5748 | D:8      | Identified the +6 spear "Ehismaud" {holy, rElec}
  5753 | Bailey   | Entered a bailey
  5940 | Bailey   | Reached skill level 11 in Ranged Weapons
  6053 | Bailey   | Reached XP level 10. HP: 81/81 MP: 12/12
  6078 | Bailey   | Identified the +1 shortbow of the Devouring Traitor
                  | {antimagic, rElec Dex-3 Stlth+}
  6121 | Bailey   | Noticed Grum
  6124 | Bailey   | Reached skill level 5 in Invocations
  6151 | Bailey   | Killed Grum
  6485 | D:8      | Reached skill level 1 in Throwing
  6497 | D:8      | Learned a level 2 spell: Passwall
  6944 | D:8      | Reached skill level 1 in Polearms
  7019 | D:8      | Reached skill level 12 in Ranged Weapons
  7119 | D:8      | Reached skill level 1 in Earth Magic
  7141 | D:8      | Reached skill level 1 in Alchemy
  7143 | D:8      | Reached skill level 1 in Spellcasting
  7257 | D:9      | Identified the +3 buckler "Xaxzorgha" {*Slow rPois Str+4}
  8120 | D:10     | Entered Level 10 of the Dungeon
  8123 | D:10     | Noticed a two-headed ogre
  8130 | D:10     | Killed a two-headed ogre
  8131 | D:10     | Reached XP level 11. HP: 87/87 MP: 13/13
  8571 | D:10     | Noticed Lodul
  8591 | D:10     | Killed Lodul
  8592 | D:10     | Reached skill level 10 in Fighting
  8592 | D:10     | Reached skill level 13 in Ranged Weapons
  8651 | D:10     | Noticed a two-headed ogre
  8656 | D:10     | Killed a two-headed ogre
  9146 | D:11     | Found a staircase to the Lair.
  9322 | D:11     | Reached *** piety under Hepliaklqana
  9615 | D:11     | Noticed a two-headed ogre
  9620 | D:11     | Killed a two-headed ogre
  9621 | D:11     | Reached skill level 14 in Ranged Weapons
  9631 | D:11     | Reached XP level 12. HP: 97/97 MP: 15/15
  9631 | D:11     | Noticed a two-headed ogre
  9634 | D:11     | Killed a two-headed ogre
 10085 | D:12     | Noticed a boulder beetle
 10098 | D:12     | Killed a boulder beetle
 10423 | D:12     | Reached **** piety under Hepliaklqana
 10423 | D:12     | Noticed a two-headed ogre
 10429 | D:12     | Killed a two-headed ogre
 10430 | D:12     | Reached skill level 10 in Armour
 10548 | D:12     | Found a radiant altar of Vehumet.
 10551 | D:12     | Found a staircase to the Orcish Mines.
 10902 | Lair:1   | Entered Level 1 of the Lair of Beasts
 11031 | Lair:1   | Reached skill level 15 in Ranged Weapons
 11821 | Lair:2   | Noticed a catoblepas
 11834 | Lair:2   | Killed a catoblepas
 11954 | Lair:2   | Noticed a seven-headed hydra
 11964 | Lair:2   | Killed a seven-headed hydra
 12018 | Lair:2   | Reached ***** piety under Hepliaklqana
 12153 | Lair:2   | You are sucked into a shaft and drop 2 floors!
 12310 | Lair:4   | Reached skill level 16 in Ranged Weapons
 12417 | Lair:4   | Noticed a catoblepas
 12431 | Lair:4   | Reached XP level 13. HP: 107/107 MP: 16/16
 12925 | Lair:4   | Identified the +7 long sword of the Abyss {heavy, rElec rC-
                  | Dex+2 SInv}
 13630 | Lair:3   | Reached skill level 1 in Long Blades
 13657 | Lair:3   | Reached skill level 1 in Shields
 13672 | Lair:3   | Identified a scroll of acquirement
 13672 | Lair:3   | Acquired a book of Iron
 13750 | Lair:3   | Found a transporter.
 13754 | Lair:3   | Found a one-way gate to the infinite horrors of the Abyss.
 13761 | Lair:3   | Found a transporter.
 14239 | Lair:2   | Found a hole to the Spider Nest.
 14304 | Lair:2   | Reached skill level 17 in Ranged Weapons
 14529 | Lair:2   | Found a staircase to the Swamp.
 14842 | Lair:5   | Entered Level 5 of the Lair of Beasts
 15158 | Lair:5   | Reached skill level 5 in Shields
 15197 | Lair:5   | Reached XP level 14. HP: 117/117 MP: 17/17
 15466 | Lair:5   | Found a runed translucent door.
 15466 | Lair:5   | Noticed an azure jelly
 15475 | Lair:5   | Noticed an azure jelly
 15535 | Lair:5   | Reached skill level 18 in Ranged Weapons
 15597 | Lair:5   | Reached ****** piety under Hepliaklqana
 15632 | Lair:5   | Noticed Snorg
 15646 | Lair:5   | Killed Snorg
 16026 | Lair:5   | Found a staircase to the Slime Pits.
 16182 | Lair:3   | Noticed MrSquiggles's ghost (journeyman FoSh)
 16314 | Orc:1    | Entered Level 1 of the Orcish Mines
 16355 | Orc:2    | Entered Level 2 of the Orcish Mines
 16466 | Orc:1    | Noticed an orc warlord
 16520 | Orc:1    | Killed an orc warlord
 17292 | Orc:2    | Noticed an orc warlord
 17303 | Orc:2    | Killed an orc warlord
 17338 | Orc:2    | Reached skill level 19 in Ranged Weapons
 17473 | Orc:2    | Reached skill level 15 in Fighting
 17552 | Orc:2    | Found a staircase to the Elven Halls.
 17737 | Orc:2    | Reached XP level 15. HP: 87/126 MP: 18/18
 17871 | Orc:2    | Found Ruedoq's Antique Armour Shop.
 17872 | Orc:2    | Found Gosaciri's Weapon Boutique.
 17877 | Orc:2    | Found Ocyd's Weapon Shoppe.
 17886 | Orc:2    | Found Jerrameupn's Jewellery Shop.
 18031 | Orc:2    | Bought a pair of glowing gloves for 232 gold pieces
 19174 | D:14     | Reached skill level 20 in Ranged Weapons
 19234 | D:14     | Reached XP level 16. HP: 135/135 MP: 19/19
 19235 | D:14     | Reached XP level 17. HP: 142/142 MP: 19/21
 19661 | D:14     | Found a gate to the Vaults.
 20101 | D:14     | Reached skill level 15 in Armour
 20157 | D:15     | Entered Level 15 of the Dungeon
 20179 | D:15     | Reached skill level 21 in Ranged Weapons
 20247 | D:15     | Found a transporter.
 20263 | D:15     | Found a transporter.
 20321 | D:15     | Found a transporter.
 20341 | D:15     | Found a transporter.
 20626 | D:15     | Found a portal to a secret trove of treasure.
 20719 | D:15     | Found a staircase to the Depths.
 21276 | Elf:1    | Entered Level 1 of the Elven Halls
 21440 | Elf:1    | Paralysed by an air elemental for 1 turns
 21454 | Elf:1    | Found a crumbling gateway.
 21474 | Desolati | Entered the Desolation of Salt
 21781 | Desolati | HP: 2/216 [crystal guardian[a halazid warlock] (30)]
 21782 | Desolati | Slain by a molten gargoyle

Illustrated notes

Levels and vault maps discovered:
D:1:      minmay_arrival_four_loops, layout_basic,
          shapermc_ecumenical_altar_acropolis, chequers_arboretum,
          grunt_decor_cap, chequers_mini_garden
D:2:      layout_basic, eino_tiny_chamber
D:3:      layout_basic, elyvilon_altar_4
D:4:      layout_rooms, nicolae_hepliaklqana_hippocampus, uniq_pikel
D:5:      gammafunk_wand_slinger, layout_rooms, uniq_grinder,
          uniq_prince_ribbit1, uniq_blork_the_orc
D:6:      layout_loops_corners, nicolae_ru_the_path_less_chosen,
          nicolae_overflow_crystal_walls, uniq_jeremiah, uniq_eustachio
D:7:      layout_layer_cave, kennysheep_mini, grunt_qazlal_clouds,
          minmay_temple_entry_grid
D:8:      layout_basic, enter_bailey_2
D:9:      layout_layer_cave
D:10:     minmay_angry_zag, layout_basic, uniq_lodul
D:11:     layout_long_grid, erik_lair_dragon, eino_jars
D:12:     layout_loops_corners, orc_0_dummy, vehumet_altar_wand_db
D:13:     layout_loops_ring, minmay_shattered_shrine
D:14:     layout_basic, ximxim_vaults_locker_room
D:15:     hangedman_depths_entry_try_elsewhere_first, layout_cave_pools,
          nicolae_trove_entry_diagonal, chequers_serial_rivers_micro_e,
          nicolae_transporter_intersection
Lair:1:   beast_lair_carwin_large_1, layout_loops_ring
Lair:2:   layout_cave_pods, swamp_mist, spider_nest_entry_funnel_web
Lair:3:   layout_concentric_octagons, gammafunk_ghost_abyssal_escape,
          small_statue_intersection, serial_bayou_pond_d
Lair:4:   layout_layer_cave, lemuel_fruit_fields, infiniplex_staircase_pool
Lair:5:   minmay_lair_end_frog_pond, layout_regular_city, slime_entry_2,
          uniq_snorg
Orc:1:    layout_diamond_mine, basic_altar
Orc:2:    st_orc_open, layout_caves, blackcustard_rock_pile
Elf:1:    nicolae_elf_arrival_no_cutting_in_line, layout_onion_city,
          portal_desolation_entry_ruin, hangedman_elf_disciples,
          hangedman_elf_power_crystal
Desolation

Skill      XL: |  1  2  3  4  5  6  7  8  9 10 11 12 13 14 15 16 17 |
---------------+----------------------------------------------------+-----
Stealth        | 1 |  1.0
Armour         | 1 2 3 5 6 7 9 11 12 13 14 15 | 15.3
Fighting       | 3 5 6 7 8 9 10 12 13 15 16 17 | 17.0
Ranged Weapons | 5 7 8 9 11 12 14 16 17 19 20 21 | 21.6
Dodging        | 3 |  3.0
Invocations    | 1 3 4 5 6 8 |  8.2
Evocations     | 1 2 3 |  3.0
Throwing       | 1 |  1.0
Polearms       | 3 |  3.0
Earth Magic    | 2 3 |  3.0
Alchemy        | 1 2 |  2.0
Spellcasting   | 1 3 |  3.0
Long Blades    | 3 |  3.0
Shields        | 5 7 |  7.3

Action                     |  1- 3 |  4- 6 |  7- 9 | 10-12 | 13-15 | 16-18 || total
---------------------------+-------+-------+-------+-------+-------+-------++-------
  Melee: Long sword        |       |       |       |       |       |     7 ||     7
   Fire: Shortbow          |   131 |    10 |       |       |       |       ||   141
         Sling             |       |    88 |   262 |   659 |   955 |   405 ||  2369
  Throw: Dart              |       |       |       |       |     1 |       ||     1
 Invoke: Ancestor Life: Kn |       |       |     1 |       |       |       ||     1
         Recall Ancestor   |       |       |       |     3 |     3 |     1 ||     7
         Idealise          |       |       |       |       |       |     1 ||     1
  Evoke: Wand              |       |       |     1 |       |     5 |       ||     6
         Phial of floods   |       |       |       |       |       |     1 ||     1
    Use: Scroll            |     7 |     4 |    10 |     6 |    10 |    10 ||    47
         Potion            |       |       |       |       |     2 |     8 ||    10
 Armour: Leather armour    |    10 |       |       |       |       |       ||    10
         Ring mail         |    26 |    20 |    39 |    15 |       |       ||   100
         Skin              |       |    10 |       |       |       |       ||    10
         Steam dragon scal |       |       |       |    47 |       |       ||    47
         Acid dragon scale |       |       |       |    18 |       |       ||    18
         Chain mail        |       |       |       |    61 |   244 |   266 ||   571
  Dodge: Dodged            |    50 |    19 |    24 |    82 |   128 |   109 ||   412
  Block: Buckler           |       |       |       |       |    63 |    33 ||    96
         Kite shield       |       |       |       |       |       |   108 ||   108
         Reflection        |       |       |       |       |       |     7 ||     7

Table legend: (Time is in decaauts)
 A = Elapsed time spent in this place.
 B = Non-inter-level travel time spent in this place.
 C = Inter-level travel time spent in this place.
 D = Time resting spent in this place.
 E = Time spent auto-exploring this place.
 F = Levels seen in this place.
 G = Mean time per level.
                   A        B        C        D        E       F      G
               +--------+--------+--------+--------+--------+-----+--------+
         Total |  21765 |  19601 |   2164 |   1104 |  13512 |  25 |  870.6 |
       Dungeon |  13527 |  11971 |   1556 |    472 |   8961 |  15 |  901.8 |
          Lair |   5308 |   4914 |    394 |    269 |   3624 |   5 | 1061.6 |
  Orcish Mines |   1829 |   1616 |    213 |    175 |    798 |   2 |  914.5 |
   Elven Halls |    212 |    212 |      0 |     24 |      0 |   1 |  212.0 |
        Bailey |    500 |    500 |      0 |     26 |    129 |   1 |  500.0 |
    Desolation |    387 |    387 |      0 |    137 |      0 |   1 |  387.0 |
               +--------+--------+--------+--------+--------+-----+--------+

Top non-repeatable levels by time:
  Lair:4: 1520 daAuts
  Lair:5: 1299 daAuts
   Orc:2: 1213 daAuts
     D:8: 1211 daAuts
     D:3: 1179 daAuts
     D:7: 1143 daAuts
    D:11: 1118 daAuts
    D:14: 1094 daAuts
     D:9: 1043 daAuts
  Lair:2: 1032 daAuts
    D:13: 1020 daAuts
     D:6: 938 daAuts
    D:12: 899 daAuts
  Lair:1: 873 daAuts
    D:10: 821 daAuts
